 Dungeon Crawl Stone Soup version 0.30.0-5-g1a98f26d00 (webtiles) character file.

Game seed: 2915099318334345546

679 jimonade the Chopper (level 7, 0/49 HPs)
             Began as an Octopode Monk on May 11, 2023.
             Slain by a wight
             ... wielding a +0 scimitar
              (5 damage)
             ... on level 3 of the Dungeon.
             The game lasted 00:05:59 (3223 turns).

jimonade the Chopper (Octopode Monk)                Turns: 3223, Time: 00:05:59

Health: 0/49       AC:  1    Str: 12    XL:     7   Next: 60%
Magic:  7/7        EV: 15    Int: 13    God:
Gold:   129        SH:  0    Dex: 14    Spells: 6/6 levels left

rFire   . . .        a - +0 hand axe
rCold   + . .        c - orb {light}
rNeg    . . .        (helmet restricted)
rPois   .            (no amulet)
rElec   .            j - ring of protection from cold
rCorr   .            (no ring)
SInv    .            (no ring)
Will    .....        (no ring)
Stlth   +            (no ring)
HPRegen 0.28/turn    (no ring)
MPRegen 0.10/turn    (no ring)
                     (no ring)

%: no passive effects
@: glowing
A: almost no armour, amphibious, 8 rings, camouflage 1, gelatinous body 1,
(nimble swimmer 1), tentacles
a: no special abilities


You were on level 3 of the Dungeon.
You visited 1 branch of the dungeon, and saw 4 of its levels.

You collected 129 gold pieces.

Inventory:

Hand Weapons
 a - a +0 hand axe (weapon)
 h - a +1 heavy flail
 k - a +0 hand axe
 o - a +0 sling
Armour
 c - an orb of light (worn)
Jewellery
 j - a ring of protection from cold (left tentacle)
 s - an amulet of the acrobat
Scrolls
 d - a scroll of fear
 f - 2 scrolls of teleportation
 i - a scroll of vulnerability
 l - a scroll of enchant weapon
 m - a scroll of enchant armour {unknown}
 n - a scroll of immolation {unknown}
 q - a scroll of poison {unknown}
 r - a scroll of fog {unknown}
Potions
 b - a potion of ambrosia
 e - 2 potions of flight {unknown}
 g - 2 potions of might {unknown}
 p - 2 potions of curing {unknown}


   Skills:
 + Level 4.8 Fighting
 + Level 6.6 Axes
 + Level 5.0 Dodging


You had 6 spell levels left.
You didn't know any spells.
Your spell library contained the following spells:

 Spells                   Type           Power      Damage    Failure   Level
 Necrotise                Necr           0%         1d4       30%         1
 Blink                    Tloc           0%         N/A       43%         2
 Lesser Beckoning         Tloc           0%         N/A       43%         2
 Momentum Strike          Conj/Tloc      0%         3d8       43%         2
 Portal Projectile        Hex/Tloc       0%         N/A       67%         3
 Tukima's Dance           Hex            0%         N/A       67%         3
 Vampiric Draining        Necr           0%         2d6       67%         3
 Volatile Blastmotes      Fire/Tloc      0%         2d10      67%         3
 Fulminant Prism          Conj/Hex       0%         3d5       97%         4
 Iskenderun's Mystic Bla  Conj/Tloc      0%         2d3       97%         4
 Agony                    Necr           0%         N/A       100%        5
 Blade Hands              Tmut           0%         N/A       100%        5
 Lee's Rapid Deconstruct  Erth           0%         3d4*      100%        5


Dungeon Overview and Level Annotations

Branches:
Dungeon (4/15)
 Temple: D:4-7

Altars:
The Shining One

Annotations:
D:3 4 runed translucent doors, Crazy Yiuf; docduck's ghost, weakling HuFi; hawla's ghost, weakling MeFE; sampeng1's ghost, amateur HuTm


Innate Abilities, Weirdness & Mutations

You cannot wear most types of armour.
You are amphibious.
You can wear up to eight rings at the same time.
Your skin changes colour to match your surroundings (Stealth+).
Your rubbery body absorbs attacks. (AC +1, EV +1)
((You are camouflaged when in or above water. (Stealth+)))
You have tentacles for arms and can constrict up to eight enemies at once.


Message History

Level annotation: 4 runed translucent doors, Crazy Yiuf; docduck's ghost, weakling HuFi; hawla's ghost, weakling MeFE; sampeng1's ghost, amateur HuTm
There is a stone staircase leading down here.
You barely miss the wight. You grab the wight. You hit the goblin.
You constrict the wight. The goblin closely misses you.
The wight barely misses you.
You barely miss the goblin. You grab the goblin.
The goblin is moderately wounded.
You hit the wight but do no damage. You constrict the goblin.
You constrict the wight. The goblin barely misses you.
The wight hits you with a +4 battleaxe.
You hit the goblin.
You kill the goblin!
You hit the wight.
You constrict the wight, but do no damage.
The wight misses you.
You hit the wight but do no damage.
The wight is lightly damaged.
You hit the wight but do no damage. You constrict the wight.
The wight hits you with a +4 battleaxe!
You feel drained. The wight barely misses you.
You are too injured to fight recklessly!
You are too injured to fight recklessly!
You are too injured to fight recklessly!
You hit the wight but do no damage. You squeeze the wight!
The wight is severely damaged.
You hit the wight. You constrict the wight. The wight barely misses you. x2
You hit the wight.
The wight is almost destroyed.
You barely miss the wight. You constrict the wight.
You destroy the wight!
The wight hits you with a +0 scimitar!
* * * LOW HITPOINT WARNING * * *
You feel drained.
* * * LOW HITPOINT WARNING * * *
Your life force feels restored.
Your Dodging skill increases to level 5!
You hit the wight but do no damage. You grab the wight.
The wight is lightly damaged.
You constrict the wight. The wight hits you with a +0 scimitar.
You die...

....# #.# ##...# #(#.#.#. .<..#
#.## ###.# #.......
###.######..## #.# #.#.#.#.
###.##.......# #####.#.....
#............# ####.⌠.)##......
..#..........#####..#.?..8######.
.##.##..............#.....)#####.
.............#####..+.....$#...#.
..#.#.#........)@z..+W....8#...#.
.............#####..+W....}#...#.
..#.#.#.#.#.## #..#W....:#...#.
#.........#.# #..#....8##.....
#.#.#.#.....# #..#.⌠..##......
#.......##..######.#######.......
##########..##.....# #........(.
#......########..........
#......###........#.#..#.


You could see a wight, docduck's ghost, hawla's ghost and sampeng1's ghost.

Vanquished Creatures
  Grinder (D:3)
  A wight (D:3)
  3 orc priests
  An iguana (D:4)
  Natasha (thrice) (D:2)
  Terence (D:2)
  2 orc wizards (D:3)
  Robin (D:3)
  6 adders
  An adder skeleton (D:2)
  A worm (D:2)
  3 dart slugs
  16 orcs
  A spectral bat (D:2)
  3 ball pythons
  A bat (D:2)
  2 bat zombies (D:2)
  9 endoplasms
  7 giant cockroaches
  10 goblins
  5 hobgoblins
  A quokka (D:1)
  2 ball python skeletons (D:2)
  9 frilled lizards
  9 kobolds
  2 rats (D:3)
101 creatures vanquished.

Notes
Turn   | Place    | Note
-------+----------+-------------------------------------------
     0 | D:1      | jimonade the Octopode Monk began the quest for the Orb.
     0 | D:1      | Reached XP level 1. HP: 16/16 MP: 1/1
   165 | D:1      | Reached XP level 2. HP: 21/21 MP: 2/2
   440 | D:1      | Found a faded altar of an unknown god.
   466 | D:1      | Reached XP level 3. HP: 26/26 MP: 3/3
   937 | D:2      | Noticed Terence
   944 | D:2      | Killed Terence
   945 | D:2      | Reached XP level 4. HP: 32/32 MP: 4/4
  1481 | D:2      | Noticed Natasha
  1503 | D:2      | Killed Natasha
  1504 | D:2      | Reached skill level 4 in Axes
  1522 | D:2      | Noticed Natasha
  1527 | D:2      | Killed Natasha
  1528 | D:2      | Reached XP level 5. HP: 37/37 MP: 5/5
  1553 | D:2      | Identified the +8 dagger "Conservator" {pain, *Corrode
                  | Will+ Int+3 Stlth+}
  1828 | D:3      | Reached XP level 6. HP: 32/43 MP: 6/6
  1969 | D:3      | Reached skill level 5 in Axes
  2181 | D:3      | Noticed Grinder
  2202 | D:3      | HP: 1/43 [Grinder (2)]
  2203 | D:3      | Killed Grinder
  2204 | D:3      | Reached XP level 7. HP: 1/49 MP: 7/7
  2306 | D:2      | Noticed Natasha
  2310 | D:2      | Killed Natasha
  2311 | D:2      | Reached skill level 6 in Axes
  2510 | D:3      | Found a glowing golden altar of the Shining One.
  2577 | D:3      | Found a runed translucent gate.
  2579 | D:3      | Found a runed translucent gate.
  2580 | D:3      | Found a runed translucent gate.
  2581 | D:3      | Noticed sampeng1's ghost (amateur HuTm)
  2581 | D:3      | Noticed docduck's ghost (weakling HuFi)
  2581 | D:3      | Noticed hawla's ghost (weakling MeFE)
  2646 | D:3      | Noticed Robin
  2652 | D:3      | Killed Robin
  2655 | D:3      | Found a runed translucent door.
  2657 | D:3      | Noticed Crazy Yiuf
  3223 | D:3      | Reached skill level 5 in Dodging
  3223 | D:3      | Slain by a wight

Illustrated notes

Levels and vault maps discovered:
D:1:      tarquinn_simple_flora_water_f, layout_basic,
          ebering_ecumenical_altar_abandoned
D:2:      layout_loops_ring, dilly_guarded_unrand_morg, uniq_terence
D:3:      layout_rooms, tso_altar, gammafunk_ghost_cemetery, serial_glass,
          glass_columns_c, glass_columns_b, glass_columns_a, glass_columns_a,
          glass_columns_b, glass_columns_c, glass_columns_a, glass_columns_b,
          uniq_crazy_yiuf_cottage, uniq_robin, uniq_grinder
D:4:      layout_cave_pools, mainiacjoe_overflow_paths, uniq_ijyb

Skill      XL: |  1  2  3  4  5  6  7 |
---------------+----------------------+-----
Axes           | 4 5 6 |  6.6
Dodging        | 4 5 |  5.0
Fighting       | 4 |  4.8

Action                     |  1- 3 |  4- 6 |  7- 9 || total
---------------------------+-------+-------+-------++-------
  Melee: Hand axe          |    49 |   103 |    50 ||   202
         Constrict         |    16 |    35 |    18 ||    69
         Tentacles         |    11 |    32 |    18 ||    61
         Punch             |       |     1 |     1 ||     2
    Use: Scroll            |       |       |     4 ||     4
   Stab: Sleeping          |     2 |       |     1 ||     3
 Armour: Skin              |     2 |     4 |     1 ||     7
  Dodge: Dodged            |    31 |    67 |    45 ||   143
